 Dungeon Crawl Stone Soup version 0.22-a0-601-gb0ed703 (webtiles) character file.

4 Goblin1989 the Ducker (level 1, -1/10 HPs)
             Began as a Felid Chaos Knight on July 7, 2018.
             Slain by a hobgoblin (5 damage)
             ... on level 1 of the Dungeon.
             The game lasted 00:00:46 (54 turns).

Goblin1989 the Ducker (Felid Chaos Knight)            Turns: 54, Time: 00:00:48

Health: -1/10      AC:  1    Str:  8    XL:     1   Next: 50%
Magic:  2/2        EV: 18    Int: 13    God:    Xom [..*...]
Gold:   3          SH:  0    Dex: 15    Spells: 0/0 levels left
                                        Lives:  0   Deaths: 0

rFire    . . .     SeeInvis +     - Unarmed
rCold    . . .     Gourm    .   (shield unavailable)
rNeg     . . .     Faith    .   (armour unavailable)
rPois    .         Spirit   .   (helmet unavailable)
rElec    .         Reflect  .   (cloak unavailable)
rCorr    .         Harm     .   (gloves unavailable)
MR       .....                  (boots unavailable)
Stlth    ++........             (no amulet)
HPRegen  0.03/turn              (no ring)
MPRegen  0.08/turn              (no ring)

@: quick
A: very small, no armour, no weapons or thrown items, stealth, claws 1, fangs 3,
see invisible, carnivore, speed 1, shaggy fur 1, slow metabolism 1, sharp paws
a: Renounce Religion


You were on level 1 of the Dungeon.
You worshipped Xom.
You were a toy of Xom.
You were not hungry.

You visited 1 branch of the dungeon, and saw 1 of its levels.

You collected 3 gold pieces.

Inventory:

Comestibles
 e - a ration


   Skills:
 + Level 3.0 Fighting
 + Level 3.3 Dodging
 + Level 0.4 Stealth
 * Level 3.1 Unarmed Combat


You couldn't memorise any spells.
You didn't know any spells.
Your spell library was empty.

Dungeon Overview and Level Annotations

Branches:
Dungeon (1/15)

Altars:


Innate Abilities, Weirdness & Mutations

You cannot wear armour.
You are incapable of wielding weapons or throwing items.
Your paws allow you to move quietly. (Stealth)
You have sharp claws.
You have razor-sharp teeth.
You have supernaturally acute eyesight. (SInv)
You are carnivorous and can eat meat at any time.
You cover ground quickly.
You are covered in fur. (AC +1)
You have a slow metabolism.
Your sharp claws are effective at attacking unaware monsters.


Message History

e - a ration Xom titters: I'd like a drowned soul!
Welcome, Goblin1989 the Felid Chaos Knight.
The bosom of this dungeon contains the fabled artefact, the Orb of Zot.
Xom says: A new plaything!
Press ? for a list of commands and other information.
Found a staircase leading out of the dungeon.
You now have 3 gold pieces.
You open the gate.
A kobold comes into view. It is wielding a whip.
A kobold is nearby!
The kobold shouts!
There is an open gate here.
The kobold closely misses you.
You scratch the kobold.
The kobold is heavily wounded.
The kobold closely misses you.
You scratch the kobold but do no damage.
The kobold is heavily wounded.
The kobold misses you.
You claw the kobold!
You kill the kobold!
No target in view!
No target in view!
Things that are here:
a whip; a kobold corpse A frilled lizard comes into view.
A frilled lizard is nearby!
A frilled lizard is nearby!
The frilled lizard hisses angrily.
A hobgoblin comes into view. It is wielding a club.
You scratch the frilled lizard.
You kill the frilled lizard!
The hobgoblin shouts!
You hear a shout!
You scratch the hobgoblin.
The hobgoblin is moderately wounded.
The hobgoblin hits you with a club.
* * * LOW HITPOINT WARNING * * *
You take 3 damage, and have 7/10 hp.
MASSIVE DAMAGE!!
You are too injured to fight recklessly!
You are too injured to fight recklessly!
You are too injured to fight recklessly!
You are too injured to fight recklessly!
You are too injured to fight recklessly!
You completely miss the hobgoblin.
The hobgoblin is moderately wounded.
A rat comes into view.
A hobgoblin comes into view.
The hobgoblin barely misses you.
The hobgoblin shouts!
You scratch the hobgoblin.
You kill the hobgoblin!
A kobold comes into view.
The kobold shouts!
You see here a club.
The rat completely misses you.
Found a stone staircase leading down.
The kobold hits you but does no damage.
Unknown command.
You closely miss the kobold. The kobold completely misses you.
The hobgoblin closely misses you.
You scratch the kobold but do no damage.
The rat completely misses you. The kobold closely misses you.
The hobgoblin completely misses you.
You scratch the kobold.
The kobold is moderately wounded.
The rat barely misses you. The kobold misses you.
The hobgoblin closely misses you.
You barely miss the kobold.
The kobold is moderately wounded.
The rat closely misses you. The kobold misses you. The hobgoblin hits you.
* * * LOW HITPOINT WARNING * * *
You take 1 damage, and have 6/10 hp.
You scratch the kobold.
You kill the kobold!
The rat bites you.
* * * LOW HITPOINT WARNING * * *
The hobgoblin hits you.
Ouch! That really hurt!
You die...

...............█ ≈█
...............█████ █
...................█
..............████.████
...........†..███.....
.........█.█.█.█.█.█.█
............)........
███....█.█.█r█.█.█.█.
█.██.......@.>..... ...
███.█.█(█g█.█.█. ██
█..........
██.█.█.█.█.█
█............
██.█.█.█.█ █.█ ...
..... ... .█ █. .█ █.


You could see a hobgoblin and a rat.

Vanquished Creatures
  A hobgoblin (D:1)
  2 kobolds (D:1)
  A frilled lizard (D:1)
4 creatures vanquished.

Notes
Turn   | Place    | Note
-------+----------+-------------------------------------------
     0 | D:1      | Goblin1989 the Felid Chaos Knight began the quest for the Orb.
     0 | D:1      | Reached XP level 1. HP: 10/10 MP: 2/2
    54 | D:1      | Slain by a hobgoblin

Vault maps used:
D:1:      kennysheep_arrival_seaside, st_stairs_11

Action                   || total
-------------------------++-------
Melee: Unarmed           ||    12
       Bite              ||     1
Armor: Skin              ||     1
Dodge: Dodged            ||    15

Table legend:
 A = Spawn XP
 B = Non-spawn XP
 C = Spawn XP percentage of total XP
 D = Spawn monster count
 E = Non-spawn monster count
 F = Spawn count percentage of total count
 G = Total turns spent on level
                    A         B        C        D         E        F      G
               +---------+---------+-------+---------+---------+-------+---------
         Total |       0 |       6 |   0.0 |       0 |       4 |   0.0 |    54
               +---------+---------+-------+---------+---------+-------+---------
           D:1 |       0 |       6 |   0.0 |       0 |       4 |   0.0 |    54
               +---------+---------+-------+---------+---------+-------+---------

Vault maps used:
D:1:      kennysheep_arrival_seaside, st_stairs_11
